 Dungeon Crawl Stone Soup version 0.31-a0-222-gefeffbb62a (webtiles) character file.

Game seed: 6583736720172039490

3745 qw the Cleaver (level 10, -3/64 HPs)
             Began as a Gargoyle Fighter on July 5, 2023.
             Was an Initiate of Okawaru.
             Slain by an acid dragon (5 damage)
             ... on level 8 of the Dungeon.
             The game lasted 00:03:56 (7871 turns).

qw the Cleaver (Gargoyle Fighter)                   Turns: 7871, Time: 00:03:57

Health: -3/64      AC: 14    Str: 25    XL:     10   Next: 15%
Magic:  10/10      EV:  8    Int:  8    God:    Okawaru [......]
Gold:   413        SH:  4    Dex:  9    Spells: 9/9 levels left

rFire   + . .        Y - +0 war axe
rCold   + . .        c - +0 buckler
rNeg    + . .        b - +0 chain mail
rPois   inf          (helmet restricted)
rElec   +            (no cloak)
rCorr   .            q - +0 pair of gloves
SInv    +            (no boots)
Will    .....        (no amulet) Stlth
                     e - ring of see invisible
HPRegen 0.30/turn    o - ring of protection from cold
MPRegen 0.12/turn

%: no passive effects
@: about to teleport, corroded
A: sickness immunity, AC +7, negative energy resistance 1, electricity
resistance, torment resistance 1, petrification resistance, hooves 1, horns 1,
fire resistance 1
a: Renounce Religion


You were on level 8 of the Dungeon.
You worshipped Okawaru.
Okawaru was noncommittal.
You visited 2 branches of the dungeon, and saw 9 of its levels.

You collected 413 gold pieces.


Innate Abilities, Weirdness & Mutations

You are immune to sickness and miasma.
Your stone body is resilient. (AC +7)
You are immune to poison.
You resist negative energy. (rN+)
You are resistant to electric shocks. (rElec)
You are resistant to unholy torment.
You are immune to petrification.
You have large cloven feet.
You have a pair of small horns on your head.
Your flesh is heat resistant. (rF+)


   Skills:
 - Level 8.0 Fighting
 + Level 10.2 Axes
 - Level 1.9 Throwing
 - Level 5.5 Armour
 - Level 1.4 Dodging
 - Level 5.0 Shields
 - Level 1.0 Invocations


You had 9 spell levels left.
You didn't know any spells.
Your spell library was empty.

Inventory:

Hand Weapons
 g - a +0 mace of holy wrath
 s - a +4 flail
 Y - a +0 war axe (weapon)
Armour
 b - a +0 chain mail (worn)
 c - a +0 buckler (worn)
 q - a +0 pair of gloves (worn)
 r - a +1 scale mail of cold resistance
Jewellery
 e - a ring of see invisible (left hand)
 o - a ring of protection from cold (right hand)
 p - a ring of see invisible
 v - a ring of protection from cold
Scrolls
 k - a scroll of teleportation
 u - a scroll of identify
Potions
 a - a potion of heal wounds
 d - 2 potions of might
 h - 2 potions of mutation
 i - a potion of curing
 j - 3 potions of lignification
 l - a potion of attraction
 m - a potion of haste
 n - 2 potions of resistance
 t - 3 potions of enlightenment {unknown}
 w - a potion of cancellation {unknown}

Dungeon Overview and Level Annotations

Branches:
Dungeon (8/15)             Temple (1/1) D:7
   Lair: D:8-11

Altars:
Ashenzari
Cheibriados
Dithmenos
Elyvilon
Fedhas
Gozag
Hepliaklqana
Kikubaaqudgha
Makhleb
Nemelex Xobeh
Okawaru
Qazlal
Ru
Sif Muna
Trog
Uskayaw
Vehumet
Wu Jian
Xom
Yredelemnul
Zin
The Shining One

Shops:
D:3 =

Annotations:
D:3 3 runed translucent doors, qw's ghost, amateur MiHs


Message History

Enter note:
Enter note:
Enter note:
Enter note:
Enter note:
Enter note:
Enter note: You closely miss the acid dragon.
Your kick misses the acid dragon. You hit the orc priest.
The orc priest casts a cantrip, but nothing happens.
The orc priest invokes the aid of Beogh against you.
Beogh smites you!
The acid dragon bites you but does no damage.
You block the acid dragon's attack.
You closely miss the orc priest.
The orc priest is heavily wounded.
You hit the acid dragon.
The orc priest hits you with a +0 short sword of holy wrath.
The orc priest looks satisfied for a moment.
The acid dragon closely misses you.
The acid dragon claws you but does no damage.
You barely miss the orc priest. Your kick misses the orc priest.
The orc priest is heavily wounded.
You closely miss the acid dragon.
The orc priest invokes the aid of Beogh against you.
Beogh smites you! The acid dragon barely misses you.
The acid dragon claws you but does no damage.
You closely miss the orc priest.
The orc priest is heavily wounded.
You closely miss the acid dragon.
The orc priest hits you but does no damage.
The orc priest looks satisfied for a moment.
The acid dragon spits acid at you. The splash of acid hits you!
7871 ||| READING 2 scrolls of teleportation.
As you read the scroll of teleportation, it crumbles to dust.
You feel strangely unstable.
The orc priest hits you with a +0 short sword of holy wrath.
The orc barely misses you. The acid dragon bites you.
You die...

#........#. .. .#.........
... .........##... .#
...........# ..<
..##....<....## #
............# # ...
#.ooD...... # ....
##@o...... #
....##.......## .##
.......).##..### ...
........)##..#.# ##..
...##..#......!... ....
.....##...#.###.........
#.. ......#......#
##........ ##.
............. #.........
##.
.............###...........
###..


You could see an acid dragon (catching breath), 2 orc priests and an orc.

Vanquished Creatures
  4 steam dragons
  Edmund (D:4)
  2 water moccasins (D:6)
  A black bear (D:5)
  3 ice beasts
  4 sky beasts
  3 ogres
  2 centaurs (D:8)
  A phantom (D:5)
  A kobold brigand (D:8)
  2 bullfrogs
  2 gnoll sergeants
  3 scorpions
  4 wights (D:8)
  4 howler monkeys
  5 hounds
  7 orc priests
  A jelly (D:6)
  Natasha (thrice) (D:3)
  An iguana (D:6)
  6 orc wizards
  Ijyb (D:3)
  7 gnolls
  5 adders
  A shadow imp (D:7)
  2 white imps (D:5)
  An ufetubus (D:4)
  A dart slug (D:1)
  33 orcs
  4 ball pythons
  5 endoplasms
  3 giant cockroaches
  12 goblins
  7 hobgoblins
  3 jackals (D:3)
  12 kobolds
  2 quokkas (D:1)
  5 bats
  3 frilled lizards
  5 rats
172 creatures vanquished.

Notes
Turn   | Place    | Note
-------+----------+-------------------------------------------
     0 | D:1      | qw the Gargoyle Fighter began the quest for the Orb.
     0 | D:1      | Reached XP level 1. HP: 14/14 MP: 1/1
     0 | D:1      | 0 ||| qw: Version: 0.3-a-46-gb1f654a
     0 | D:1      | 0 ||| qw: Game counter: 997
     0 | D:1      | 0 ||| qw: Melee chars always use a shield: true
     0 | D:1      | 0 ||| qw: God list: Okawaru
     0 | D:1      | 0 ||| qw: Allow faded altars: false
     0 | D:1      | 0 ||| qw: Do Orc after clearing Dungeon:15 true
     0 | D:1      | 0 ||| qw: Do second Lair branch before Depths: true
     0 | D:1      | 0 ||| qw: Lair rune preference: random
     0 | D:1      | 0 ||| qw: Goals: Normal, Zot:1-4, Slime:5, God:TSO, Crypt,
                  | Tomb, Abyss, Pan, Hells, Win
     0 | D:1      | 0 ||| PLANNING D:1-11
   104 | D:1      | Reached skill level 2 in Axes
   207 | D:1      | Reached XP level 2. HP: 19/19 MP: 2/2
   357 | D:1      | Reached skill level 3 in Axes
   357 | D:1      | 357 ||| Stepping ~*~*~tactically~*~*~ (stealth).
   393 | D:1      | Reached XP level 3. HP: 18/23 MP: 3/3
   588 | D:1      | 588 ||| Stepping ~*~*~tactically~*~*~ (hiding).
   889 | D:1      | 889 ||| READING scroll labelled ZUQUMEJEXA.
   892 | D:1      | 892 ||| READING scroll labelled FONEGA WITO.
  1207 | D:2      | 1207 ||| Stepping ~*~*~tactically~*~*~ (stealth).
  1211 | D:2      | 1211 ||| Stepping ~*~*~tactically~*~*~ (stealth).
  1217 | D:2      | 1217 ||| Stepping ~*~*~tactically~*~*~ (hiding).
  1218 | D:2      | 1218 ||| Stepping ~*~*~tactically~*~*~ (hiding).
  1219 | D:2      | 1219 ||| Stepping ~*~*~tactically~*~*~ (hiding).
  1221 | D:2      | 1221 ||| Stepping ~*~*~tactically~*~*~ (hiding).
  1601 | D:2      | 1601 ||| READING scroll labelled QEUQAGEXOL.
  1602 | D:2      | 1602 ||| READING 2 scrolls labelled QULYODD AWEFIST.
  1603 | D:2      | 1603 ||| READING scroll labelled KALOBI GUJA.
  1604 | D:2      | 1604 ||| DRINKING 2 golden potions.
  1604 | D:2      | Gained mutation: You have a pair of small horns on your
                  | head. [potion of mutation]
  1604 | D:2      | Gained mutation: You have large cloven feet. [potion of
                  | mutation]
  1604 | D:2      | Gained mutation: Your flesh is heat resistant. (rF+)
                  | [potion of mutation]
  1605 | D:2      | 1605 ||| DROPPING scroll of revelation.
  1832 | D:3      | Noticed Ijyb
  1837 | D:3      | Paralysed by Ijyb for 2 turns
  1840 | D:3      | Killed Ijyb
  1841 | D:3      | Reached XP level 4. HP: 28/28 MP: 4/4
  1923 | D:3      | Found a runed translucent gate.
  1923 | D:3      | Found a runed translucent gate.
  1925 | D:3      | Found a runed translucent gate.
  1927 | D:3      | Noticed qw's ghost (amateur MiHs)
  1944 | D:3      | 1944 ||| Stepping ~*~*~tactically~*~*~ (stealth).
  1945 | D:3      | 1945 ||| Stepping ~*~*~tactically~*~*~ (stealth).
  2038 | D:3      | 2038 ||| Stepping ~*~*~tactically~*~*~ (stealth).
  2044 | D:3      | Reached skill level 4 in Axes
  2099 | D:3      | Found Xucyfats's Jewellery Shoppe.
  2109 | D:3      | 2109 ||| Stepping ~*~*~tactically~*~*~ (stealth).
  2150 | D:3      | 2150 ||| SHOPLISTING +4 ring of protection (396 gold, have
                  | 88).
  2150 | D:3      | 2150 ||| SHOPLISTING amulet of regeneration (330 gold, have
                  | 88).
  2150 | D:3      | 2150 ||| SHOPLISTING amulet of the acrobat (330 gold, have
                  | 88).
  2150 | D:3      | 2150 ||| SHOPLISTING ring of resist corrosion (220 gold,
                  | have 88).
  2162 | D:3      | Noticed Natasha
  2173 | D:3      | Killed Natasha
  2174 | D:3      | Reached XP level 5. HP: 19/32 MP: 5/5
  2236 | D:3      | 2236 ||| Stepping ~*~*~tactically~*~*~ (stealth).
  2324 | D:3      | Found a shimmering altar of Xom.
  2325 | D:3      | Found a snail-covered altar of Cheibriados.
  2471 | D:3      | Found a faded altar of an unknown god.
  2761 | D:3      | Noticed Natasha
  2762 | D:3      | 2762 ||| Stepping ~*~*~tactically~*~*~ (hiding).
  2766 | D:3      | Killed Natasha
  2767 | D:3      | Reached skill level 5 in Axes
  2848 | D:3      | Noticed Natasha
  2852 | D:3      | 2852 ||| FLEEEEING.
  2853 | D:3      | 2853 ||| FLEEEEING.
  2854 | D:3      | 2854 ||| FLEEEEING.
  2855 | D:3      | 2855 ||| FLEEEEING.
  2856 | D:3      | 2856 ||| FLEEEEING.
  2857 | D:3      | 2857 ||| FLEEEEING.
  2858 | D:3      | 2858 ||| FLEEEEING.
  2859 | D:3      | 2859 ||| FLEEEEING.
  2860 | D:3      | 2860 ||| FLEEEEING.
  2861 | D:3      | 2861 ||| FLEEEEING.
  2862 | D:3      | 2862 ||| FLEEEEING.
  2863 | D:3      | 2863 ||| FLEEEEING.
  2864 | D:3      | 2864 ||| FLEEEEING.
  2865 | D:3      | 2865 ||| FLEEEEING.
  2866 | D:3      | 2866 ||| FLEEEEING.
  2867 | D:3      | 2867 ||| FLEEEEING.
  2868 | D:3      | 2868 ||| FLEEEEING.
  2869 | D:3      | 2869 ||| FLEEEEING.
  2870 | D:3      | 2870 ||| FLEEEEING.
  2871 | D:3      | 2871 ||| FLEEEEING.
  2872 | D:3      | 2872 ||| FLEEEEING.
  2877 | D:3      | Killed Natasha
  3060 | D:3      | 3060 ||| UPGRADING to ring of see invisible.
  3061 | D:3      | 3061 ||| READING scroll labelled ZOOL IGAECW.
  3062 | D:3      | 3062 ||| DRINKING 2 ruby potions.
  3169 | D:4      | Reached XP level 6. HP: 30/38 MP: 6/6
  3208 | D:4      | Reached skill level 1 in Dodging
  3271 | D:4      | 3271 ||| Stepping ~*~*~tactically~*~*~ (stealth).
  3273 | D:4      | 3273 ||| Stepping ~*~*~tactically~*~*~ (hiding).
  3275 | D:4      | 3275 ||| Stepping ~*~*~tactically~*~*~ (hiding).
  3276 | D:4      | Noticed Edmund
  3289 | D:4      | Killed Edmund
  3378 | D:4      | 3378 ||| Stepping ~*~*~tactically~*~*~ (stealth).
  3537 | D:4      | Reached XP level 7. HP: 40/43 MP: 7/7
  3571 | D:4      | 3571 ||| Stepping ~*~*~tactically~*~*~ (stealth).
  3579 | D:4      | 3579 ||| Stepping ~*~*~tactically~*~*~ (stealth).
  3580 | D:4      | 3580 ||| Stepping ~*~*~tactically~*~*~ (stealth).
  3582 | D:4      | 3582 ||| Stepping ~*~*~tactically~*~*~ (hiding).
  3594 | D:4      | Reached skill level 6 in Axes
  3595 | D:4      | 3595 ||| Stepping ~*~*~tactically~*~*~ (hiding).
  3628 | D:4      | 3628 ||| FLEEEEING.
  3629 | D:4      | 3629 ||| FLEEEEING.
  3640 | D:4      | 3640 ||| Stepping ~*~*~tactically~*~*~ (hiding).
  3796 | D:4      | 3796 ||| DROPPING +1 antimagic flail.
  3797 | D:4      | 3797 ||| DROPPING +0 flail.
  3918 | D:4      | 3918 ||| Stepping ~*~*~tactically~*~*~ (stealth).
  3920 | D:4      | 3920 ||| Stepping ~*~*~tactically~*~*~ (hiding).
  4158 | D:4      | 4158 ||| UPGRADING to +0 pair of gloves.
  4163 | D:4      | 4163 ||| UPGRADING to +1 scale mail of cold resistance.
  4173 | D:4      | 4173 ||| DROPPING +0 scale mail.
  4174 | D:4      | 4174 ||| UPGRADING to ring of protection from cold.
  4175 | D:4      | 4175 ||| READING scroll labelled DEUVEUSMOW.
  4176 | D:4      | 4176 ||| READING scroll labelled HIUCVI JIOGHI.
  4278 | D:5      | Entered Level 5 of the Dungeon
  4305 | D:5      | Reached skill level 7 in Axes
  4343 | D:5      | 4343 ||| Stepping ~*~*~tactically~*~*~ (hiding).
  4375 | D:5      | Reached skill level 1 in Throwing
  4375 | D:5      | Reached XP level 8. HP: 20/49 MP: 8/8
  4812 | D:5      | Reached skill level 8 in Axes
  4847 | D:5      | 4847 ||| Stepping ~*~*~tactically~*~*~ (hiding).
  4848 | D:5      | 4848 ||| Stepping ~*~*~tactically~*~*~ (hiding).
  4867 | D:5      | Reached skill level 6 in Fighting
  5151 | D:5      | 5151 ||| UPGRADING to +0 chain mail.
  5161 | D:5      | 5161 ||| READING scroll labelled ILE FIJAWEXT.
  5162 | D:5      | 5162 ||| DRINKING 3 brown potions.
  5163 | D:5      | 5163 ||| DRINKING 3 glowing green potions.
  5164 | D:5      | 5164 ||| DROPPING 2 potions of degeneration.
  5549 | D:6      | Reached XP level 9. HP: 55/55 MP: 9/9
  5679 | D:6      | 5679 ||| Stepping ~*~*~tactically~*~*~ (stealth).
  5696 | D:6      | Reached skill level 9 in Axes
  5722 | D:6      | 5722 ||| Stepping ~*~*~tactically~*~*~ (stealth).
  5724 | D:6      | 5724 ||| Stepping ~*~*~tactically~*~*~ (stealth).
  5725 | D:6      | 5725 ||| Stepping ~*~*~tactically~*~*~ (stealth).
  5726 | D:6      | 5726 ||| Stepping ~*~*~tactically~*~*~ (stealth).
  6310 | D:6      | 6310 ||| DRINKING 4 white potions.
  6360 | D:6      | 6360 ||| READING 4 scrolls of identify.
  6360 | D:6      | 6360 ||| IDENTIFYING pink potion
  6361 | D:6      | 6361 ||| READING 3 scrolls of identify.
  6361 | D:6      | 6361 ||| IDENTIFYING blue potion
  6362 | D:6      | 6362 ||| READING 2 scrolls of identify.
  6362 | D:6      | 6362 ||| IDENTIFYING fizzy brown potion
  6363 | D:6      | 6363 ||| DROPPING potion of brilliance.
  6474 | D:7      | 6474 ||| Stepping ~*~*~tactically~*~*~ (hiding).
  6682 | D:7      | Found a staircase to the Ecumenical Temple.
  6683 | D:7      | 6683 ||| PLANNING TEMPLE
  6683 | D:7      | 6683 ||| READING 3 scrolls of identify.
  6683 | D:7      | 6683 ||| IDENTIFYING puce potion
  6684 | D:7      | 6684 ||| READING 2 scrolls of identify.
  6684 | D:7      | 6684 ||| IDENTIFYING bubbling dark potion
  6685 | D:7      | 6685 ||| DROPPING potion of ambrosia.
  6697 | Temple   | Entered the Ecumenical Temple
  6749 | Temple   | 6749 ||| PLANNING OKAWARU WORSHIP
  6865 | Temple   | Became a worshipper of Warmaster Okawaru
  6866 | Temple   | 6866 ||| PLANNING D:1-11
  7287 | D:7      | 7287 ||| READING scroll labelled KEUNUCLICOM.
  7404 | D:8      | Reached skill level 10 in Axes
  7404 | D:8      | Reached * piety under Okawaru
  7405 | D:8      | 7405 ||| INVOKING Heroism.
  7414 | D:8      | HP: 10/57 [centaur/arrow (8)]
  7415 | D:8      | 7415 ||| DRINKING 3 potions of heal wounds.
  7417 | D:8      | 7417 ||| INVOKING Heroism.
  7422 | D:8      | HP: 14/57 [wight/+3 scimitar (9)]
  7423 | D:8      | 7423 ||| DRINKING 2 potions of heal wounds.
  7429 | D:8      | 7429 ||| INVOKING Heroism.
  7431 | D:8      | Reached XP level 10. HP: 41/64 MP: 5/10
  7666 | D:8      | 7666 ||| Stepping ~*~*~tactically~*~*~ (stealth).
  7696 | D:8      | Reached skill level 1 in Invocations
  7701 | D:8      | 7701 ||| INVOKING Heroism.
  7829 | D:8      | 7829 ||| Stepping ~*~*~tactically~*~*~ (hiding).
  7831 | D:8      | 7831 ||| Stepping ~*~*~tactically~*~*~ (hiding).
  7862 | D:8      | 7862 ||| Stepping ~*~*~tactically~*~*~ (stealth).
  7870 | D:8      | HP: 2/64 [acid dragon/splash of acid (17)]
  7871 | D:8      | 7871 ||| READING 2 scrolls of teleportation.
  7871 | D:8      | Slain by an acid dragon

Levels and vault maps discovered:
D:1:      dpeg_arrival_tiny_j, layout_loops_ring, minmay_pentomino_x4
D:2:      layout_rooms
D:3:      layout_basic, gammafunk_temple_overflow_statue,
          biasface_ghost_orc_armoury, shapermc_ecumenical_altar_petra,
          serial_shops, shop, hangedman_feature_mirror, uniq_ijyb, uniq_natasha
D:4:      layout_loops_cross, minmay_misc_feat_ornament, uniq_edmund
D:5:      layout_loops_cross
D:6:      layout_basic
D:7:      layout_gridville, temple_statues
D:8:      layout_cave_pools, hangedman_misty_isle
Temple:   nicolae_temple_bog_church

Skill      XL: |  1  2  3  4  5  6  7  8  9 10 |
---------------+-------------------------------+-----
Axes           | 2 3 4 5 7 8 10 | 10.2
Fighting       | 4 5 6 8 |  8.0
Dodging        | 1 |  1.4
Throwing       | 1 |  1.9
Armour         | 4 5 |  5.5
Shields        | 4 5 |  5.0
Invocations    | 1 |  1.0

Action                     |  1- 3 |  4- 6 |  7- 9 | 10-12 || total
---------------------------+-------+-------+-------+-------++-------
  Melee: War axe           |   116 |    80 |   269 |    39 ||   504
         Kick              |     1 |    18 |    67 |     8 ||    94
         Headbutt          |       |    14 |    36 |     7 ||    57
  Throw: Boomerang         |       |       |    72 |     4 ||    76
 Invoke: Heroism           |       |       |     3 |     1 ||     4
    Use: Scroll            |     5 |     1 |     9 |     1 ||    16
         Potion            |     1 |     1 |     5 |       ||     7
 Armour: Scale mail        |    60 |    29 |    69 |       ||   158
         Skin              |       |     3 |       |       ||     3
         Chain mail        |       |       |    89 |    38 ||   127
  Dodge: Dodged            |    54 |    49 |    99 |    17 ||   219
  Block: Buckler           |    19 |    13 |    61 |    11 ||   104

Table legend:
 A = Non-vault XP
 B = Vault XP
 C = Vault XP percentage of total XP
 D = Non-vault monster count
 E = Vault monster count
 F = Vault count percentage of total count
                 A         B        C        D         E       F
            +---------+---------+-------+---------+---------+-------
      Total |    4324 |    1027 |  19.2 |     154 |      18 |  10.5
            +---------+---------+-------+---------+---------+-------
        D:1 |      35 |       5 |  12.5 |      18 |       3 |  14.3
        D:2 |      19 |       0 |   0.0 |      13 |       0 |   0.0
        D:3 |     136 |      90 |  39.8 |      15 |       8 |  34.8
        D:4 |     466 |     162 |  25.8 |      33 |       1 |   2.9
        D:5 |    1097 |       0 |   0.0 |      28 |       0 |   0.0
        D:6 |     942 |       0 |   0.0 |      19 |       0 |   0.0
        D:7 |     855 |       0 |   0.0 |       9 |       0 |   0.0
        D:8 |     774 |     770 |  49.9 |      19 |       6 |  24.0
            +---------+---------+-------+---------+---------+-------
